AoeStats
← WinterFox

Oasis

509659915Analyzed
3v3 RM · 5d ago on Sep 27, 2026· 38m 43s· 6 players
Game mode
Random Map
Map size
Normal (6 player)
Population
200
Speed
Normal
Resources
Standard
Victory
Conquest
Starting age
Dark Age
Ending age
Imperial Age
RankedLock teamsTeams togetherTeam positionsShared explorationLock speedFull tech treeHidden civsTurbo modeCheats
Victory
Defeat
🇩🇰 Varangians · Denmark
879
+15
🇬🇷 Malians · Greece
774
+19
🇩🇰 Vietnamese · Denmark
708
+45
🇳🇱 Ethiopians · Netherlands
876
-20
🇬🇧 Turks · United Kingdom
824
-18
🇰🇷 Goths · South Korea
816
-17
Sm0k1nG040
11:54 Feudal Age
13:09 Loom
18:48 Castle Age
17:44 Double-Bit Axe
22:41 Horse Collar
28:01 Bow Saw
rananculus
0:30 Loom
15:11 Feudal Age
15:27 Man-at-Arms
27:52 Castle Age
26:29 Scale Mail Armor
26:45 Forging
32:03 Double-Bit Axe
33:55 Horse Collar
Done
16:34 Feudal Age
14:52 Loom
16:44 Feudal Age
17:51 Town Watch
18:04 Man-at-Arms
18:56 Scale Mail Armor
21:23 Castle Age
22:20 Chain Mail Armor
21:48 Horse Collar
21:57 Double-Bit Axe
23:10 Gold Mining
23:32 Bow Saw
27:02 Forging
27:30 Wheelbarrow
27:16 Heavy Plow
27:52 Padded Archer Armor
29:27 Iron Casting
28:18 Long Swordsman
Dr. Hawamagun Amis-Yu
6:49 Loom
13:11 Feudal Age
13:54 Double-Bit Axe
16:00 Horse Collar
18:58 Fletching
24:20 Castle Age
23:47 Wheelbarrow
22:57 Town Watch
23:19 Padded Archer Armor
24:44 Crossbowman
28:52 Heavy Plow
35:37 Imperial Age
33:16 Thumb Ring
33:13 Bodkin Arrow
36:07 Town Patrol
36:56 Hand Cart
38:14 Chemistry
WinterFox
10:13 Feudal Age
11:17 Double-Bit Axe
18:35 Castle Age
16:54 Horse Collar
17:46 Loom
18:07 Stone Mining
18:19 Gold Mining
19:17 Man-at-Arms
19:17 Pikeman
20:48 Heavy Plow
21:58 Bow Saw
27:34 Squires
27:28 Elite Skirmisher
28:08 Fletching
31:41 Padded Archer Armor
31:53 Forging
31:48 Scale Barding Armor
31:44 Scale Mail Armor
31:39 Bodkin Arrow
31:48 Devotion
32:45 Stone Shaft Mining
32:47 Wheelbarrow
32:00 Town Watch
32:37 Sanctity
32:12 Herbal Medicine
31:42 Long Swordsman
32:07 Arson
33:41 Leather Archer Armor
33:43 Chatras
35:26 Bloodlines
35:16 Husbandry
34:37 Light Cavalry
38:54 Imperial Age
37:04 Hand Cart
37:04 Crossbowman
37:52 Thumb Ring
38:44 Town Patrol
39:09 Chain Mail Armor
39:30 Iron Casting
39:16 Chain Barding Armor
UncGaming
8:12 Loom
10:28 Feudal Age
10:33 Man-at-Arms
10:59 Arson
12:27 Wheelbarrow
12:13 Scale Mail Armor
14:22 Forging
17:45 Horse Collar
17:53 Double-Bit Axe
24:08 Scale Barding Armor
27:31 Castle Age
27:08 Padded Archer Armor
27:00 Fletching
32:38 Bow Saw
33:19 Iron Casting
33:00 Chain Mail Armor
32:22 Elite Skirmisher
35:16 Bodkin Arrow
Connection lost

Rejoining the realm…

Still unreachable

The connection could not be restored.

Session expired

The server has moved on; the page needs a fresh start.